AoeStats
← xlalox corona

Arena

509508275Analyzed
1v1 RM · 4d ago on Sep 27, 2026· 40m 26s· 2 players
Game mode
Random Map
Map size
Tiny (2 player)
Population
200
Speed
Normal
Resources
Standard
Victory
Conquest
Starting age
Dark Age
Ending age
Imperial Age
RankedLock teamsTeams togetherTeam positionsShared explorationLock speedFull tech treeHidden civsTurbo modeCheats
Victory
Defeat
🇷🇺 Khitans · Russia
1763
+12
🇲🇽 Japanese · Mexico
1676
-12
xlalox corona
5:48 Loom
8:30 Feudal Age
9:01 Double-Bit Axe
10:34 Fletching
21:07 Castle Age
22:31 Bow Saw
22:03 Horse Collar
29:53 Stone Mining
30:17 Gold Mining
31:06 Wheelbarrow
34:53 Imperial Age
32:53 Forging
33:05 Squires
33:25 Scale Mail Armor
34:26 Iron Casting
34:10 Bodkin Arrow
34:47 Padded Archer Armor
35:12 Ballistics
35:11 Thumb Ring
35:11 Gold Mining
37:22 Leather Archer Armor
42:39 Imperial Age
ponuno
10:40 Feudal Age
10:19 Loom
14:35 Castle Age
12:59 Double-Bit Axe
13:47 Domestication
15:47 Bow Saw
18:48 Domestication
21:22 Scale Mail Armor
32:02 Imperial Age
29:28 Town Watch
30:49 Squires
31:21 Stone Mining
32:12 Gold Mining
33:38 Wheelbarrow
33:37 Fletching
34:09 Ballistics
35:01 Conscription
35:57 Ballistics
36:14 Fervor
38:18 Bodkin Arrow
39:24 Chemistry
39:41 Scale Barding Armor
Connection lost

Rejoining the realm…

Still unreachable

The connection could not be restored.

Session expired

The server has moved on; the page needs a fresh start.